nht, chaotic female elven Wizard ---- ..| -..| |..| |..| |..| | -+---..| |..@a....| -..-----.| ..a. |.. -.@. |.| ---- -.| .| ..| {.| ...| ----- nht the Conjurer Experience level: 4 Strength: 11 Dexterity: 14 Constitution: 14 Intelligence: 18 Wisdom: 10 Charisma: 8 Health: 0(25) Energy: 45(53) Def: 1 Gold: 122 Moves: 516 Dungeon seed: MDIWMQwrnx0ep0_D Game ID: nht_1433664813 Your Inventory: Coins $ - 122 gold pieces Weapons a - a blessed +1 quarterstaff (weapon in hands) x - a +0 dwarvish mattock y - 9 +0 darts Armor e - an uncursed +0 cloak of magic resistance (being worn) N - an uncursed +0 dwarvish cloak Scrolls i - an uncursed scroll of scare monster j - an uncursed scroll of light k - an uncursed scroll of taming q - 2 uncursed scrolls of enchant armor v - an uncursed scroll of enchant weapon Spellbooks l - a blessed spellbook of force bolt m - a blessed spellbook of magic missile n - an uncursed spellbook of knock s - an uncursed spellbook of detect monsters u - an uncursed spellbook of force bolt Potions f - a blessed potion of invisibility g - an uncursed potion of object detection h - an uncursed potion of sleeping t - an uncursed potion of levitation B - an uncursed potion of monster detection C - a blessed potion of gain level D - an uncursed potion of extra healing Rings c - an uncursed ring of invisibility d - an uncursed +1 ring of increase accuracy Wands b - a wand of light (0:11) w - a wand of magic missile (0:5) Tools o - a magic marker (0:64) p - an uncursed wooden harp z - 3 uncursed tallow candles (0:200) A - a cursed tallow candle (0:200) Gems r - an uncursed worthless piece of white glass Y - an uncursed worthless piece of blue glass Spells known in the end: Name Level Category Fail Memory a - force bolt 1 attack 0% 98% b - magic missile 2 attack 0% 98% c - knock 1 matter 0% 98% d - detect monsters 1 divination 0% 98% Your skills at the end: Fighting Skills Weapon Skills quarterstaff [Basic] Spellcasting Skills attack spells [Basic] enchantment spells [Basic] Final Attributes: You were piously aligned. You were sleep resistant. You were magic-protected. You had infravision. You are dead. Vanquished creatures: a giant beetle 2 gnome lords 2 dwarves a hobbit 9 gnomes 2 jackals a goblin 18 creatures vanquished. Voluntary challenges: You went without food. You were an atheist. You used a wielded weapon 20 times, starting on turn 116. You read items or engraved 7 times, starting on turn 68. You never genocided any monsters. You never polymorphed an object. You never changed form. You used no wishes. You never split a pudding. You wrote Elbereth's name 3 times, starting on turn 381. You never violated your personal moral code. You disabled loading bones files. Dungeon overview: The Dungeons of Doom: levels 1 to 4 Level 1 a long staircase Level 2 Level 3 stairs to The Gnomish Mines Level 4 The Gnomish Mines: levels 4 to 6 Level 4 stairs to The Dungeons of Doom Level 5 Level 6 <- You were here a fountain History has recorded: On T:1 you entered the Dungeons of Doom to retrieve the Amulet of Yendor! On T:51 you reached level 2 of The Dungeons of Doom. On T:195 you reached level 3 of The Dungeons of Doom. On T:226 you reached level 4 of The Dungeons of Doom. On T:302 you reached level 1 of The Gnomish Mines. On T:311 you advanced to experience level 2. On T:327 you advanced to experience level 3. On T:384 you advanced to experience level 4. On T:420 you reached level 2 of The Gnomish Mines. On T:499 you reached level 3 of The Gnomish Mines. Score breakdown: Gold: 122 ( 7109 points) Experience: 4 levels ( 9649 points) Exploration: 6 levels ( 12.50%) ( 9784 points) Discoveries: 2 items ( 0.72%) ( 2553 points) Valuables value: (no points given unless you survive) Artifact value: 0 ( 0 points) Variety of kills: 7 monsters ( 1.85%) ( 4077 points) Time penalty: 516 turns ( 0 points) Survival: died (score multiplied by 80%) Total score: 26537 Latest messages: You write in the dust with your fingers. Your writing hand is beginning to cramp. The soldier ant bites! The soldier ant stings! You die... Final status: Goodbye nht the Wizard, killed by a soldier ant... You died in The Gnomish Mines on dungeon level 6 with 26537 points, and 122 pieces of gold, after 516 moves. You were level 4 with a maximum of 25 hit points when you died.